 Dungeon Crawl Stone Soup version 0.30-a0-222-ge547ba4400 (webtiles) character file.

Game seed: 10647222558743545283

632 qw the Chopper (level 7, 0/47 HPs)
             Began as a Gargoyle Fighter on Oct 8, 2022.
             Slain by a gnoll
             ... wielding a +0 halberd
              (7 damage)
             ... on level 5 of the Dungeon.
             The game lasted 00:01:45 (3708 turns).

qw the Chopper (Gargoyle Fighter)                   Turns: 3708, Time: 00:01:45

Health: 0/47       AC: 20    Str: 21    XL:     7   Next: 49%
Magic:  7/7        EV:  5    Int:  9    God:
Gold:   212        SH:  4    Dex:  9    Spells: 6/6 levels left

rFire   . . .      SeeInvis .    Y - +0 war axe
rCold   . . .      Faith    .    c - +0 buckler
rNeg    + . .      Spirit   .    g - +0 plate armour
rPois   inf        Reflect  .    (no helmet)
rElec   +          Harm     .    n - +1 cloak
rCorr   .          Rampage  .    l - +0 pair of gloves
Will    .....                    (no boots)
Stlth   ..........               (no amulet)
HPRegen 0.27/turn                (no ring)
MPRegen 0.10/turn                (no ring)

@: about to teleport
A: sickness immunity, AC +4, negative energy resistance 1, electricity
resistance, torment resistance 1, petrification resistance, talons 1, robust 1,
wild magic 1
a: no special abilities


You were on level 5 of the Dungeon.
You visited 1 branch of the dungeon, and saw 5 of its levels.

You collected 212 gold pieces.


Innate Abilities, Weirdness & Mutations

You are immune to sickness and miasma.
Your stone body is resilient. (AC +4)
You are immune to poison.
You resist negative energy. (rN+)
You are resistant to electric shocks. (rElec)
You are resistant to unholy torment.
You are immune to petrification.
You have sharp toenails.
You are robust. (+10% HP)
Your spells are a little harder to cast, but a little more powerful.


   Skills:
 - Level 4.0 Fighting
 + Level 6.6 Axes
 - Level 1.0 Throwing
 - Level 4.3 Armour
 - Level 3.2 Shields


You had 6 spell levels left.
You didn't know any spells.
Your spell library was empty.

Inventory:

Hand Weapons
 r - a +0 flail
 Y - a +0 war axe (weapon)
Missiles
 i - 5 boomerangs
 t - a javelin (quivered)
Armour
 c - a +0 buckler (worn)
 g - a +0 plate armour (worn)
 l - a +0 pair of gloves (worn)
 n - a +1 cloak (worn)
Jewellery
 j - a ring of fire
Scrolls
 a - a scroll of identify
 k - a scroll of teleportation
Potions
 d - 2 potions of might
 e - a potion of curing
 h - a potion of brilliance {unknown}
 m - a potion of cancellation
 o - a potion of lignification {unknown}
 p - a potion of attraction {unknown}
 s - a potion of mutation

Dungeon Overview and Level Annotations

Branches:
Dungeon (5/15)
 Temple: D:4-7

Altars:


Message History

The ufetubus hits you but does no damage.
You block the ufetubus's attack.
The gnoll hits you from afar with a +0 halberd.
The gnoll barely misses you.
The gnoll drinks a potion.
The gnoll goes berserk!
The gnoll hits you but does no damage. x2
The ufetubus hits you but does no damage. x2
You closely miss the ufetubus.
The ufetubus is lightly wounded.
The ufetubus barely misses you.
The ufetubus hits you but does no damage.
The gnoll hits you from afar with a +0 spear.
The gnoll completely misses you.
You miss the ufetubus. Your kick misses the ufetubus.
The ufetubus is lightly wounded.
The gnoll hits you but does no damage. The ufetubus barely misses you.
The ufetubus hits you but does no damage.
You block the gnoll's attack. The ufetubus hits you.
The ufetubus hits you but does no damage.
The gnoll hits you from afar with a +0 spear.
The gnoll hits you from afar with a +0 halberd.
You slash the ufetubus!
You kill the ufetubus!
The gnoll barely misses you. x2; You block the gnoll's attack.
The gnoll hits you from afar with a +0 halberd.
The gnoll hits you from afar with a +0 halberd!
The scorpion stings you but does no damage.
You hit the scorpion. Your kick misses the scorpion.
The scorpion is lightly wounded.
The gnoll hits you but does no damage. x4; The scorpion stings you.
The gnoll hits you but does no damage.
3707 ||| READING 2 scrolls of teleportation.
As you read the scroll of teleportation, it crumbles to dust.
You feel strangely unstable. The gnoll hits you but does no damage.
The gnoll barely misses you. x2
The gnoll hits you from afar with a +0 halberd.
The scorpion stings you but does no damage.
You hit the scorpion.
The scorpion is lightly wounded.
The gnoll hits you from afar with a +0 halberd!
You die...

.....# .>.#.. # .
..#.. ..#.. ....
..... ..###.....
.. #gg.g..#
....###...g.##..
.........@s....#
.......#.....#..#
..... ##.#.##
....####.###
#...#.....# .
.##.........#...#
................##
...........#...>.#
..........####..#


You could see a scorpion and 4 gnolls.

Vanquished Creatures
  Duvessa (D:4)
  A water moccasin (D:5)
  A phantom (D:3)
  A bullfrog (D:4)
  Dowan (D:4)
  2 hounds (D:4)
  An orc wizard (D:4)
  6 adders
  An ufetubus (D:5)
  2 worms (D:2)
  2 dart slugs
  3 orcs (D:4)
  5 bats
  13 endoplasms
  A giant cockroach (D:4)
  7 goblins
  11 hobgoblins
  4 jackals
  10 kobolds
  8 quokkas
  9 ball pythons
  4 frilled lizards
  10 rats
104 creatures vanquished.

Vanquished Creatures (others)
  5 plants (D:2)
5 creatures vanquished.

Grand Total: 109 creatures vanquished

Notes
Turn   | Place    | Note
-------+----------+-------------------------------------------
     0 | D:1      | qw the Gargoyle Fighter began the quest for the Orb.
     0 | D:1      | Reached XP level 1. HP: 14/14 MP: 1/1
     0 | D:1      | 0 ||| qw: Version: 0.2-a-17-g06abaee
     0 | D:1      | 0 ||| qw: Game counter: 2040
     0 | D:1      | 0 ||| qw: Always use a shield: true
     0 | D:1      | 0 ||| qw: God list: Okawaru
     0 | D:1      | 0 ||| qw: Allow faded altars: false
     0 | D:1      | 0 ||| qw: Do Orc after D:15 true
     0 | D:1      | 0 ||| qw: Do second Lair branch before Depths: true
     0 | D:1      | 0 ||| qw: Lair rune preference: random
     0 | D:1      | 0 ||| qw: Plans: Normal, Zot:1-4, God:TSO, Crypt, Tomb,
                  | Pan, Slime:5, Hells, Abyss, Orb
     0 | D:1      | 0 ||| PLANNING D:1-11
    14 | D:1      | 14 ||| Stepping ~*~*~tactically~*~*~ (stealth).
    15 | D:1      | 15 ||| Stepping ~*~*~tactically~*~*~ (stealth).
    16 | D:1      | 16 ||| Stepping ~*~*~tactically~*~*~ (stealth).
    22 | D:1      | Reached skill level 2 in Axes
    78 | D:1      | Reached XP level 2. HP: 19/19 MP: 2/2
   271 | D:1      | 271 ||| Stepping ~*~*~tactically~*~*~ (stealth).
   274 | D:1      | Reached skill level 3 in Axes
   291 | D:1      | 291 ||| Stepping ~*~*~tactically~*~*~ (hiding).
   298 | D:1      | Reached XP level 3. HP: 20/23 MP: 3/3
   694 | D:1      | Found a faded altar of an unknown god.
   795 | D:1      | 795 ||| READING scroll labelled LIEWYDGH ACIRPH.
   796 | D:1      | 796 ||| READING scroll labelled QASSOW VECZIEQI.
   797 | D:1      | 797 ||| READING scroll labelled GOFFUF HUKK.
   995 | D:2      | 995 ||| Stepping ~*~*~tactically~*~*~ (stealth).
  1007 | D:2      | 1007 ||| Stepping ~*~*~tactically~*~*~ (stealth).
  1008 | D:2      | 1008 ||| Stepping ~*~*~tactically~*~*~ (stealth).
  1056 | D:2      | 1056 ||| Stepping ~*~*~tactically~*~*~ (stealth).
  1103 | D:2      | Reached XP level 4. HP: 15/28 MP: 4/4
  1184 | D:2      | 1184 ||| DROPPING +0 club.
  1407 | D:2      | 1407 ||| Stepping ~*~*~tactically~*~*~ (stealth).
  1408 | D:2      | 1408 ||| Stepping ~*~*~tactically~*~*~ (stealth).
  1443 | D:2      | 1443 ||| Stepping ~*~*~tactically~*~*~ (stealth).
  1499 | D:2      | 1499 ||| Stepping ~*~*~tactically~*~*~ (stealth).
  1503 | D:2      | 1503 ||| Stepping ~*~*~tactically~*~*~ (stealth).
  1506 | D:2      | 1506 ||| Stepping ~*~*~tactically~*~*~ (stealth).
  1510 | D:2      | 1510 ||| DROPPING +0 mace.
  1511 | D:2      | 1511 ||| Stepping ~*~*~tactically~*~*~ (stealth).
  1512 | D:2      | 1512 ||| Stepping ~*~*~tactically~*~*~ (stealth).
  1706 | D:2      | Reached skill level 1 in Throwing
  1807 | D:2      | Reached skill level 4 in Axes
  1947 | D:2      | 1947 ||| UPGRADING to +0 plate armour.
  1957 | D:2      | 1957 ||| DROPPING +0 scale mail.
  1958 | D:2      | 1958 ||| UPGRADING to +0 pair of gloves.
  1963 | D:2      | 1963 ||| UPGRADING to +1 cloak.
  1968 | D:2      | 1968 ||| READING 7 scrolls labelled ZER CIUSITS.
  1969 | D:2      | 1969 ||| READING scroll labelled TINOVV ENEUK.
  1970 | D:2      | 1970 ||| READING scroll labelled YPSACSA WUDEEN.
  1974 | D:2      | 1974 ||| DRINKING 2 ruby potions.
  1975 | D:2      | 1975 ||| DROPPING 6 scrolls of poison.
  2032 | D:3      | Reached XP level 5. HP: 32/32 MP: 5/5
  2050 | D:3      | 2050 ||| Stepping ~*~*~tactically~*~*~ (stealth).
  2359 | D:3      | 2359 ||| DROPPING +1 whip of draining.
  2603 | D:3      | 2603 ||| DROPPING +1 cloak.
  2604 | D:3      | 2604 ||| READING 2 scrolls labelled AHAPPO AFECI.
  2605 | D:3      | 2605 ||| READING 3 scrolls labelled XOJESA CUHIOHO.
  2606 | D:3      | 2606 ||| DRINKING 2 red potions.
  2606 | D:3      | Gained mutation: You occasionally lose the ability to read
                  | scrolls when taking damage. [potion of mutation]
  2606 | D:3      | Gained mutation: Your spells are a little easier to cast,
                  | but a little less powerful. [potion of mutation]
  2606 | D:3      | Gained mutation: You have sharp toenails. [potion of
                  | mutation]
  2606 | D:3      | Gained mutation: You are robust. (+10% HP) [potion of
                  | mutation]
  2615 | D:3      | 2615 ||| DRINKING potion of mutation.
  2615 | D:3      | Lost mutation: You occasionally lose the ability to read
                  | scrolls when taking damage. [potion of mutation]
  2615 | D:3      | Lost mutation: Your spells are a little easier to cast, but
                  | a little less powerful. [potion of mutation]
  2615 | D:3      | Gained mutation: Your spells are a little harder to cast,
                  | but a little more powerful. [potion of mutation]
  2615 | D:3      | Gained mutation: You sometimes lose your temper in combat.
                  | [potion of mutation]
  2615 | D:3      | Lost mutation: You sometimes lose your temper in combat.
                  | [potion of mutation]
  2616 | D:3      | 2616 ||| DROPPING scroll of fear.
  2617 | D:3      | 2617 ||| DROPPING 2 scrolls of immolation.
  2670 | D:4      | Noticed a phantom
  2673 | D:4      | 2673 ||| STAIRDANCE
  2683 | D:3      | Killed a phantom
  2684 | D:3      | Reached skill level 5 in Axes
  2714 | D:4      | 2714 ||| Stepping ~*~*~tactically~*~*~ (hiding).
  2718 | D:4      | Reached XP level 6. HP: 40/40 MP: 6/6
  2948 | D:4      | 2948 ||| FLEEEEING.
  2958 | D:4      | 2958 ||| FLEEEEING.
  2959 | D:4      | 2959 ||| FLEEEEING.
  2960 | D:4      | 2960 ||| FLEEEEING.
  2964 | D:4      | 2964 ||| Stepping ~*~*~tactically~*~*~ (hiding).
  2965 | D:4      | Noticed Duvessa
  2969 | D:4      | Noticed Dowan
  2973 | D:4      | HP: 9/40 [Duvessa/+0 short sword (6)]
  2974 | D:4      | 2974 ||| READING scroll of teleportation.
  3079 | D:4      | 3079 ||| Invisible monster not found???
  3084 | D:4      | 3084 ||| Stepping ~*~*~tactically~*~*~ (stealth).
  3104 | D:4      | Killed Dowan
  3110 | D:4      | Killed Duvessa
  3111 | D:4      | Reached skill level 6 in Axes
  3254 | D:4      | Reached XP level 7. HP: 47/47 MP: 7/7
  3458 | D:4      | 3458 ||| FLEEEEING.
  3459 | D:4      | 3459 ||| FLEEEEING.
  3632 | D:4      | 3632 ||| READING scroll labelled ANOCAT JIEMM.
  3633 | D:4      | 3633 ||| DRINKING 2 puce potions.
  3634 | D:4      | 3634 ||| READING 3 scrolls of identify.
  3634 | D:4      | 3634 ||| IDENTIFYING bubbling grey potion
  3635 | D:4      | 3635 ||| READING 2 scrolls of identify.
  3635 | D:4      | 3635 ||| IDENTIFYING orange potion
  3636 | D:4      | 3636 ||| DROPPING potion of flight.
  3637 | D:4      | 3637 ||| DROPPING potion of invisibility.
  3652 | D:5      | Entered Level 5 of the Dungeon
  3691 | D:5      | 3691 ||| Stepping ~*~*~tactically~*~*~ (stealth).
  3706 | D:5      | HP: 9/47 [scorpion (5)]
  3707 | D:5      | 3707 ||| READING 2 scrolls of teleportation.
  3708 | D:5      | Slain by a gnoll

Levels and vault maps discovered:
D:1:      shiori_arrival_elements, layout_basic,
          shapermc_ecumenical_altar_mp_vishouse
D:2:      minmay_thinvault, layout_basic, guppyfry_early_lair_pool
D:3:      layout_loops_ring
D:4:      layout_loops_cross, uniq_duvessa
D:5:      layout_cave_pools, serial_column_ruins, column_ruins_grid_2,
          column_ruins_grid_1, column_ruins_open_small,
          column_ruins_open_medium, column_ruins_corridor_water,
          minmay_a_box_with_orc_wizards_in_it

Skill      XL: |  1  2  3  4  5  6  7 |
---------------+----------------------+-----
Axes           | 2 3 4 5 6 |  6.6
Throwing       | 1 |  1.0
Fighting       | 4 |  4.0
Armour         | 4 |  4.3
Shields        | |  3.2

Action                   |  1- 3 |  4- 6 |  7- 9 || total
-------------------------+-------+-------+-------++-------
Melee: War axe           |    77 |   163 |    30 ||   270
       Kick              |       |    10 |     2 ||    12
Throw: Javelin           |       |    46 |     3 ||    49
       Boomerang         |       |     3 |     6 ||     9
  Use: Scroll            |     3 |     6 |     4 ||    13
       Potion            |       |     3 |     1 ||     4
Armor: Scale mail        |    35 |    34 |       ||    69
       Plate armour      |       |    94 |    54 ||   148
Dodge: Dodged            |    26 |    59 |    21 ||   106
Block: Buckler           |    13 |    27 |    10 ||    50

Table legend:
 A = Non-vault XP
 B = Vault XP
 C = Vault XP percentage of total XP
 D = Non-vault monster count
 E = Vault monster count
 F = Vault count percentage of total count
                 A         B        C        D         E       F
            +---------+---------+-------+---------+---------+-------
      Total |     653 |     251 |  27.8 |      84 |      20 |  19.2
            +---------+---------+-------+---------+---------+-------
        D:1 |      54 |       0 |   0.0 |      29 |       0 |   0.0
        D:2 |      51 |      42 |  45.2 |      20 |      18 |  47.4
        D:3 |     155 |       0 |   0.0 |      18 |       0 |   0.0
        D:4 |     236 |     209 |  47.0 |      14 |       2 |  12.5
        D:5 |     157 |       0 |   0.0 |       3 |       0 |   0.0
            +---------+---------+-------+---------+---------+-------
